 Dungeon Crawl Stone Soup version 0.16.0-12-g7215832 (webtiles) character file.

866 ketsa the Destroyer (level 7, -19/36 HPs)
             Began as a Deep Elf Conjurer on Mar 18, 2015.
             Demolished by an ogre
             ... wielding a +0 giant club
              (23 damage)
             ... on level 6 of the Dungeon.
             The game lasted 00:22:52 (6567 turns).

ketsa the Destroyer (Deep Elf Conjurer)             Turns: 6567, Time: 00:22:52

Health: -19/36     AC:  5    Str:  3    XL:     7   Next: 72%
Magic:  12/24      EV: 13    Int: 22    God:
Gold:   339        SH:  0    Dex: 15    Spells: 5 memorised, 4 levels left

rFire  . . .     SeeInvis .     x - +0 dagger
rCold  . . .     Clarity  .     a - +0 robe
rNeg   . . .     SustAb   .     (no shield)
rPois  .         Gourm    .     r - +1 helmet
rElec  .         Spirit   .     (no cloak)
rCorr  .         Warding  .     (no gloves)
rMut   .         Stasis   .     l - +0 pair of boots
MR     .....                    w - amulet of inaccuracy (curse)
Stlth  ++........               (no ring)
                                y - -2 ring of strength (curse)

@: not resistant to hostile enchantments, unstealthy
A: no striking features
a: no special abilities


You were on level 6 of the Dungeon.
You were very hungry.

You visited 1 branch of the dungeon, and saw 6 of its levels.
You also visited: Sewer.

You collected 339 gold pieces.

Inventory:

Hand weapons
 x - a +0 dagger (weapon)
 C - a cursed -2 short sword
Missiles
 k - 2 stones (quivered)
Armour
 a - a +0 robe (worn)
 l - a +0 pair of boots (worn)
 m - a +0 leather armour of magic resistance
 r - a +1 helmet (worn)
Jewellery
 w - a cursed amulet of inaccuracy (around neck)
 y - a cursed -2 ring of strength (left hand)
Scrolls
 f - 8 scrolls of identify
 i - a scroll of immolation
 j - 4 scrolls of teleportation
 p - 2 scrolls of enchant weapon
 z - 3 scrolls of fog
Potions
 d - 8 potions of curing
 e - a potion of haste
 n - 4 potions of agility {unknown}
 o - 6 potions of heal wounds {unknown}
 u - a potion of invisibility
 A - a potion of lignification {unknown}
 B - a potion of flight {unknown}
 D - a potion of cancellation {unknown}
 G - a potion of might
Books
 c - a book of Conjurations

   Spells                             Type                      Level
   a - Magic Dart                     Conjuration                  1
   b - Searing Ray                    Conjuration                  2
   c - Dazzling Spray                 Conjuration/Hexes            3
   d - Fulminant Prism                Conjuration/Hexes            4
   e - Iskenderun's Mystic Blast      Conjuration                  4
   f - Iskenderun's Battlesphere      Conjuration/Charms           5
Comestibles
 b - 5 bread rations
 v - 2 fruits


   Skills:
 - Level 2.4 Dodging
 - Level 2.4 Stealth
 + Level 6.1 Spellcasting
 + Level 8.1 Conjurations
 + Level 5.8 Hexes


You had 4 spell levels left.
You knew the following spells:

 Your Spells              Type           Power        Failure   Level  Hunger
a - Magic Dart            Conj           ####         1%          1    None
b - Searing Ray           Conj           #####.       1%          2    None
c - Dazzling Spray        Conj/Hex       #####...     1%          3    #......
d - Iskenderun's Mystic   Conj           #####...     3%          4    ###....
e - Fulminant Prism       Conj/Hex       #####.....   6%          4    ###....


Dungeon Overview and Level Annotations

Branches:
Dungeon (6/15)             Temple (0/1) D:5

Altars:
Ashenzari
Cheibriados
Elyvilon
Gozag
Ru
Trog
Vehumet
Xom
Yredelemnul

Shops:
D:5 ?


Message History

Aiming: Magic Dart
Press: ? - help, Shift-Dir - straight line, f/p - ogre
Aim: an ogre, wielding a giant club (lightly wounded)
The magic dart hits the ogre.
The ogre is moderately wounded.
The ogre hits you with a giant club!
Casting: Magic Dart
Confirm with . or Enter, or press ? or * to list all spells.
Aiming: Searing Ray
Press: ? - help, Shift-Dir - straight line, f/p - ogre
Aim: an ogre, wielding a giant club (moderately wounded)
The searing ray misses the ogre.
The ogre hits you with a giant club!
* * * LOW HITPOINT WARNING * * *
Unknown command.
Read which item? (? for menu, Esc to quit)
As you read the scroll of fear, it crumbles to dust.
You assume a fearsome visage.
The ogre resists with some effort.
The ogre hits you with a giant club!!
Ouch! That really hurt!
You die...

.......#..##.#.....
.......#..##+#...#
.......+..#......#
#'##...#..'...#+#
#..#...##+#...#.#
##'#..........#.##
..............+..
....#+#.......#O##+###+#.
....#.#.........@)....)..
....+.+<.................
....#.#.................
#'###.###'#......#+###+#
'.........'.........+
#.##.######.........#
#.##.####...#######.#
#.....#.'...# ..+
#.....#.#...# .


You could see an ogre.

Vanquished Creatures
  The ghost of Sorcv the Covert, an average KoEn (Sewer)
  An ice beast (D:5)
  A big kobold (Sewer)
  A hound (D:3)
  2 orc priests
  3 orc wizards
  5 worker ants
  Robin (D:2)
  2 adders
  8 river rats (Sewer)
  3 giant mites
  7 worms
  2 giant geckos
  An ooze (Sewer)
  11 orcs
  5 giant cockroaches
  18 goblins
  10 hobgoblins
  A quokka (D:5)
  7 ball pythons
  5 bats
  9 giant newts
  3 jackals (D:3)
  26 kobolds
  2 quokka zombies (D:5)
  31 rats
166 creatures vanquished.

Notes
Turn   | Place    | Note
--------------------------------------------------------------
     0 | D:1      | ketsa, the Deep Elf Conjurer, began the quest for the Orb.
     0 | D:1      | Reached XP level 1. HP: 10/10 MP: 5/5
   270 | D:1      | Reached XP level 2. HP: 15/15 MP: 3/8
   317 | D:1      | Learned a level 2 spell: Searing Ray
   893 | D:2      | Found a basalt altar of Yredelemnul.
   924 | D:2      | Reached skill level 5 in Conjurations
   971 | D:2      | Reached XP level 3. HP: 17/19 MP: 9/12
   972 | D:2      | Noticed Robin
  1189 | D:2      | Killed Robin
  1584 | D:2      | Reached XP level 4. HP: 24/24 MP: 10/15
  1630 | D:2      | Found a radiant altar of Vehumet.
  1644 | D:2      | Found an opulent altar of Gozag.
  1654 | D:2      | Found a bloodstained altar of Trog.
  1666 | D:2      | Found a sacrificial altar of Ru.
  1856 | D:2      | Found a white marble altar of Elyvilon.
  1865 | D:2      | Found a shattered altar of Ashenzari.
  1869 | D:2      | Found a shimmering altar of Xom.
  2509 | D:3      | Reached skill level 5 in Spellcasting
  2513 | D:3      | Reached skill level 6 in Conjurations
  2513 | D:3      | Reached XP level 5. HP: 24/28 MP: 0/19
  2518 | D:3      | Learned a level 3 spell: Dazzling Spray
  2523 | D:3      | Learned a level 4 spell: Iskenderun's Mystic Blast
  2712 | D:3      | Found a snail-covered altar of Cheibriados.
  3088 | D:4      | Reached skill level 1 in Hexes
  3204 | D:5      | Entered Level 5 of the Dungeon
  3604 | D:4      | Found a glowing drain.
  3637 | Sewer    | Entered a sewer
  3649 | Sewer    | Noticed Sorcv's ghost (average KoEn)
  3664 | Sewer    | Killed Sorcv's ghost
  3664 | Sewer    | Reached XP level 6. HP: 20/32 MP: 12/22
  4112 | Sewer    | Reached skill level 7 in Conjurations
  4463 | Sewer    | Reached XP level 7. HP: 36/36 MP: 19/24
  5428 | D:5      | Noticed an ice beast
  5432 | D:5      | Killed an ice beast
  5432 | D:5      | Reached skill level 5 in Hexes
  5520 | D:5      | Found a staircase to the Ecumenical Temple.
  5605 | D:5      | Found Ymos' Magic Scroll Boutique.
  5838 | D:5      | Reached skill level 8 in Conjurations
  6078 | D:5      | Learned a level 4 spell: Fulminant Prism
  6567 | D:6      | Demolished by an ogre

Action                   |  1- 3 |  4- 6 |  7- 9 || total
-------------------------+-------+-------+-------++-------
Melee: Unarmed           |     1 |     1 |       ||     2
       Dagger            |       |     9 |     1 ||    10
 Cast: Magic Dart        |    77 |   137 |    90 ||   304
       Searing Ray       |     3 |    15 |    13 ||    31
  Use: Scroll            |     4 |     2 |     9 ||    15
       Potion            |     1 |     1 |       ||     2
 Stab: Sleeping          |       |       |     1 ||     1
  Eat: Chunk             |     2 |     8 |     5 ||    15
       Fruit             |       |     1 |       ||     1
